 Dungeon Crawl Stone Soup version 0.27.1-34-g3ba077fa99 (webtiles) character file.

Game seed: 5349628269251618578

49 Romesagentofchaos the Sneak (level 3, -3/24 HPs)
             Began as an Octopode Brigand on Jan 25, 2022.
             Slain by an orc (4 damage)
             ... on level 2 of the Dungeon.
             The game lasted 00:03:24 (999 turns).

Romesagentofchaos the Sneak (Octopode Brigand)       Turns: 999, Time: 00:03:25

Health: -3/24      AC:  3    Str: 10      XL:     3   Next: 75%
Magic:  3/3        EV: 10    Int: 13      God:
Gold:   26         SH:  0    Dex: 12 (14) Spells: 2/2 levels left

rFire    + . .     SeeInvis .   a - +2 dagger
rCold    x . .     Faith    .   (no shield)
rNeg     . . .     Spirit   .   (helmet restricted)
rPois    .         Reflect  .   (no amulet)
rElec    .         Harm     .   d - ring of fire
rCorr    .         Rampage  .   (no ring)
Will     +....     Rnd*Rage +   (no ring)
Stlth    ++++......             (no ring)
HPRegen  0.08/turn              (no ring)
MPRegen  0.08/turn              (no ring)
                                (no ring)
                                (no ring)

@: on berserk cooldown, slowed, constricted, very slow
A: almost no armour, amphibious, 8 rings, camouflage 1, gelatinous body 1,
(nimble swimmer 1), tentacles, iridescent scales 1, berserk 1, deterioration 1,
strong-willed 1
a: no special abilities


You were on level 2 of the Dungeon.
You visited 1 branch of the dungeon, and saw 2 of its levels.

You collected 26 gold pieces.

Inventory:

Hand Weapons
 a - a +2 dagger (weapon)
Missiles
 b - 8 poisoned darts (quivered)
 c - 2 curare-tipped darts
Jewellery
 d - a ring of fire (left tentacle)


   Skills:
 + Level 2.2 Fighting
 + Level 2.2 Short Blades
 + Level 2.0 Throwing
 + Level 1.5 Dodging
 + Level 6.7 Stealth


You had 2 spell levels left.
You didn't know any spells.
Your spell library contained the following spells:

 Spells                   Type           Power      Damage    Failure   Level
 Dazzling Flash           Conj/Hex       0%         N/A       67%         3
 Agony                    Necr           0%         N/A       100%        5
 Silence                  Hex/Air        0%         N/A       100%        5


Dungeon Overview and Level Annotations

Branches:
Dungeon (2/15)

Altars:


Innate Abilities, Weirdness & Mutations

You cannot wear most types of armour.
You are amphibious.
You can wear up to eight rings at the same time.
Your skin changes colour to match your surroundings (Stealth+).
Your rubbery body absorbs attacks. (AC +1, EV +1)
((You are camouflaged near water. (Stealth+)))
You have tentacles for arms and can constrict up to eight enemies at once.
You are partially covered in iridescent scales. (AC +2)
You tend to lose your temper in combat.
Your body sometimes deteriorates upon taking damage.
You are strong-willed. (Will+)


Message History

You puncture the kobold!
You kill the kobold!
The adder bites you but does no damage.
You puncture the adder!
You kill the adder! 2 orcs come into view.
The orc shouts!
You hear an angry hiss.
Found a bubbling red potion.
You feel a strong urge to attack something.
An orc comes into view. It is wielding a +0 dagger.
The orc shouts!
A ball python comes into view.
You feel your anger nearly subside.
You are no longer berserk.
You are exhausted.
You feel yourself slow down. The orc hits you but does no damage.
You hit the orc. You grab the orc. You squeeze the orc!
You kill the orc!
The orc hits you with a +0 flail!
Your body deteriorates!
You feel clumsy. The orc closely misses you. The orc barely misses you.
The orc completely misses you.
You hit the orc but do no damage. Your grab misses the orc.
The ball python bites you. The ball python grabs you.
The ball python constricts you. The orc hits you with a +0 flail.
* * * LOW HITPOINT WARNING * * *
The orc hits you with a +0 short sword.
* * * LOW HITPOINT WARNING * * *
Your body deteriorates!
You feel clumsy.
The ball python bites you but does no damage.
The ball python constricts you.
You barely miss the orc. Your grab misses the orc. The orc barely misses you.
The orc hits you but does no damage. The ball python bites you.
* * * LOW HITPOINT WARNING * * *
The ball python constricts you.
You hit the orc but do no damage. You grab the orc.
You constrict the orc, but do no damage.
The ball python bites you but does no damage.
The ball python constricts you. The orc closely misses you.
The orc hits you with a +0 short sword.
You die...

...[.......####
......##.....### #
#...>.........#.#.P
..#...<......##......
.....$.)†....<.#
.#.##...............
#.#....#.#####.....
##.#....###.#.P.#....#
.......@).[.#..P#..###
......ooS...#P..#..#
............#####....
..................###
...........###.
.....!.....#
##.##....... ##
#########


You could see 2 orcs and a ball python.

Vanquished Creatures
  An adder (D:2)
  2 dart slugs (D:1)
  An orc (D:2)
  3 ball pythons (D:1)
  6 bats
  6 endoplasms (D:1)
  4 goblins (D:1)
  2 hobgoblins (D:1)
  2 jackals (D:1)
  2 kobolds
  A rat (D:1)
30 creatures vanquished.

Notes
Turn   | Place    | Note
-------+----------+-------------------------------------------
     0 | D:1      | Romesagentofchaos the Octopode Brigand began the quest for
                  | the Orb.
     0 | D:1      | Reached XP level 1. HP: 14/14 MP: 1/1
   231 | D:1      | Reached XP level 2. HP: 15/19 MP: 2/2
   391 | D:1      | Reached skill level 6 in Stealth
   670 | D:1      | Reached XP level 3. HP: 23/24 MP: 3/3
   687 | D:1      | Gained mutation: Your body sometimes deteriorates upon
                  | taking damage. [potion of mutation]
   687 | D:1      | Gained mutation: You tend to lose your temper in combat.
                  | [potion of mutation]
   687 | D:1      | Gained mutation: You are partially covered in iridescent
                  | scales. (AC +2) [potion of mutation]
   687 | D:1      | Gained mutation: You are strong-willed. (Will+) [potion of
                  | mutation]
   998 | D:2      | HP: 1/24 [ball python (2)]
   999 | D:2      | Slain by an orc

Illustrated notes

Levels and vault maps discovered:
D:1:      dpeg_arrival_tiny_f, layout_basic, minmay_misc_feat_columns
D:2:      layout_rooms, dreamdust_ecumenical_altar_hidden_monk_grotto,
          serial_aquarium, aquarium_bridge_island_large
          [aquarium_subvault_large_open, aquarium_subvault_bridge,
          aquarium_subvault_wall, aquarium_subvault_wall,
          aquarium_subvault_bridge], aquarium_window_1, aquarium_window_2,
          aquarium_view_2d, aquarium_pool_1, columned_hall_lemuel,
          grunt_ministairs_11

Skill      XL: |  1  2 |
---------------+-------+-----
Stealth        | 6 |  6.7
Fighting       | |  2.2
Short Blades   | |  2.2
Throwing       | |  2.0
Dodging        | |  1.5

Action                   || total
-------------------------++-------
Melee: Dagger            ||    57
       Constrict         ||    13
       Tentacles         ||     8
  Use: Scroll            ||     3
       Potion            ||     1
 Stab: Sleeping          ||     9
Armor: Skin              ||    13
Dodge: Dodged            ||    27
